 Dungeon Crawl Stone Soup version 0.20.0-3-g22ec75f (webtiles) character file.

7545 Rrauwl the Slinger (level 11, -18/69 HPs)
             Began as a Halfling Wanderer on May 27, 2017.
             Was a High Priest of Nemelex Xobeh.
             Killed from afar by an ice dragon (27 damage)
             ... with a blast of cold
             ... on level 10 of the Dungeon.
             The game lasted 00:43:37 (8898 turns).

Rrauwl the Slinger (Halfling Wanderer)              Turns: 8898, Time: 00:43:39

Health: -18/69     AC:  5    Str: 15    XL:     11   Next: 39%
Magic:  0/14       EV: 19    Int: 11    God:    Nemelex Xobeh [*****.]
Gold:   481        SH:  0    Dex: 19    Spells: 9/10 levels left

rFire    . . .     SeeInvis .   a - +10 long sword "Cycruynt" {freeze, Dex+4}
rCold    . . .     Gourm    .   (shield restricted)
rNeg     . . .     Faith    +   e - +0 leather armour
rPois    .         Spirit   +   (helmet restricted)
rElec    .         Reflect  .   q - scarf {Spirit}
rCorr    .         Harm     .   (no gloves)
MR       .....                  d - +1 pair of boots
Stlth    +.........             D - amulet of faith
Regen    0.7/turn               (no ring)
MPRegen  0.2/turn               (no ring)

@: no status effects
A: horns 1, mutation resistance 1, regeneration 1
a: Triple Draw, Deal Four, Stack Five, Renounce Religion


You were on level 10 of the Dungeon.
You worshipped Nemelex Xobeh.
Nemelex Xobeh was extremely pleased with you.
You were not hungry.

You visited 2 branches of the dungeon, and saw 11 of its levels.
You also visited: Ossuary.

You collected 553 gold pieces.
You spent 72 gold pieces at shops.

Inventory:

Hand Weapons
 a - the +10 long sword "Cycruynt" (weapon) {freeze, Dex+4}
   (You found it on level 4 of the Dungeon)

   It has been specially enchanted to freeze those struck by it, causing extra
   injury to most foes and up to half again as much damage against particularly
   susceptible opponents.
   It can also slow down cold-blooded creatures.
   It affects your dexterity (+4).
 b - a +0 hunting sling
Missiles
 j - 3 throwing nets (quivered)
 m - 267 stones
 r - 157 sling bullets
Armour
 d - a +1 pair of boots (worn)
 e - a +0 leather armour (worn)
 q - a scarf of spirit shield (worn)
 w - a +0 plate armour
Jewellery
 D - an amulet of faith (around neck)
 M - an uncursed amulet of magic regeneration
Wands
 p - a wand of paralysis (24/24)
 A - a wand of paralysis (18/24)
 O - a wand of polymorph (11/24)
 T - a wand of digging (12/24)
Scrolls
 h - 3 scrolls of identify
 n - a scroll of amnesia
 s - 6 scrolls of enchant weapon
 u - 9 scrolls of remove curse
 y - 2 scrolls of enchant armour
 G - a scroll of immolation
 K - 5 scrolls of silence
 N - a scroll of teleportation
 Q - 2 scrolls of recharging
 U - a scroll of summoning
Potions
 c - 2 potions of lignification
 i - 3 potions of flight
 k - 3 potions of mutation
 l - a potion of agility
 t - 2 potions of ambrosia
 C - 9 potions of curing
 L - 2 potions of magic
Books
 B - a book of Cantrips

   Spells                             Type                      Level
   a - Confusing Touch                Hexes                        1
   b - Animate Skeleton               Necromancy                   1
   c - Summon Small Mammal            Summoning                    1
   d - Apportation                    Translocation                1
Miscellaneous
 v - a plain deck of summoning
 x - a plain deck of destruction
 z - a plain deck of escape {drawn: 1}
 F - a plain deck of escape
 H - a plain deck of escape
 I - an ornate deck of escape {drawn: 1}
 J - an ornate deck of summoning
 P - a plain deck of summoning {drawn: 5}
 R - a plain deck of summoning
 S - a plain deck of escape
 V - an ornate deck of summoning
Comestibles
 f - 4 bread rations
 g - 4 royal jellies
 E - 4 meat rations


   Skills:
 - Level 4.0 Fighting
   Level 3.0(8.2) Short Blades
 + Level 10.0(10.1) Long Blades
   Level 1.0 Polearms
 - Level 12.9(13.0) Slings
 - Level 2.0(6.3) Throwing
 - Level 5.1 Armour
 - Level 6.0 Dodging
 - Level 5.0 Invocations
 - Level 3.0 Evocations


You had 9 spell levels left.
You knew the following spells:

 Your Spells              Type           Power        Failure   Level  Hunger
a - Apportation           Tloc           #.....       38%         1    ##.....


Dungeon Overview and Level Annotations

Branches:
Dungeon (10/15)            Temple (1/1) D:5            Lair (0/6) D:10
    Orc (0/2) D:9

Altars:
Cheibriados
Dithmenos
Gozag
Kikubaaqudgha
Nemelex Xobeh
Qazlal
Sif Muna
Uskayaw
Vehumet
Xom
Beogh

Shops:
D:5 *   D:6 *%


Innate Abilities, Weirdness & Mutations

You are small and have problems with some larger weapons.
You are somewhat resistant to further mutation.
You have a pair of small horns on your head.
Your natural rate of healing is unusually fast.


Message History

The ice dragon bites you!
* * * LOW HITPOINT WARNING * * *
The ice dragon barely misses you. The ice dragon closely misses you.
Your quarterstaff of Lejanneh {drain, rPois MP+9 Int+4} hits the ice dragon but does no damage.
Unknown command.
You don't have enough magic at the moment.
Evoke which item? (* to show all) (? for menu, Esc to quit)
You draw a card...
It is Velocity.
Nothing appears to happen.
The ice dragon bites your quarterstaff of Lejanneh {drain, rPois MP+9 Int+4}!
The ice dragon closely misses your quarterstaff of Lejanneh {drain, rPois MP+9 Int+4}.
The ice dragon misses your quarterstaff of Lejanneh {drain, rPois MP+9 Int+4}.
Your quarterstaff of Lejanneh {drain, rPois MP+9 Int+4} completely misses the ice dragon.
An electric eel comes into view.
You strike the helpless ice dragon from behind!
You slash the ice dragon!
The ice dragon is severely wounded.
The ice dragon breathes frost at you. The blast of cold hits you!
You die...
Your body glows slightly and disappears.

..........#
#.#
.......####
#.#
.......#
#.##
.......#
#..#
..>....#
##.#
.......#
#.#
.......#
#.##
.......#
####
.......#
###@##
.......#
##.#D###
#####..#
#...(..# #
#..#
#......## #
#..#
#.......# #
#..#
#........#
#####..#
#......(≈#
.......#
#.....;≈≈≈#
.......#
#≈..≈≈≈≈≈≈#


You could see an ice dragon, an electric eel and a friendly quarterstaff of
Lejanneh {drain, rPois MP+9 Int+4}.

Vanquished Creatures
  Maurice (D:8)
  8 yaks
  A hungry ghost (D:7)
  A porcupine (D:10)
  2 orc warriors
  4 ice beasts
  5 sky beasts
  4 phantoms
  2 ogres (D:8)
  2 crocodiles (D:10)
  2 centaurs
  8 bullfrogs
  A water moccasin zombie (D:9)
  6 scorpions
  3 killer bees (D:10)
  10 wights
  5 electric eels
  3 howler monkeys
  3 crimson imps
  2 centaur zombies (Ossuary)
  3 bullfrog zombies
  3 hounds
  A bullfrog skeleton (D:5)
  5 orc wizards
  3 orc priests
  4 jellies
  3 iguanas
  5 worker ants
  A killer bee zombie (D:6)
  A big kobold zombie (Ossuary)
  A hound zombie (D:6)
  2 hound skeletons
  6 mummies
  5 gnolls
  A howler monkey skeleton (D:6)
  9 adders
  A shadow imp (D:5)
  2 adder skeletons
  4 worms
  2 dart slugs (D:2)
  2 leopard geckos (D:4)
  23 orcs
  6 giant cockroaches
  A gnoll zombie (Ossuary)
  11 goblins
  2 hobgoblins (D:1)
  16 jackals
  5 quokkas
  A ball python (D:4)
  A ball python skeleton (D:4)
  3 bats
  2 frilled lizards
  A goblin zombie (Ossuary)
  2 hobgoblin zombies (Ossuary)
  12 kobolds
  3 kobold zombies
  2 leopard gecko skeletons (D:4)
  4 rats
232 creatures vanquished.

Vanquished Creatures (collateral kills)
  A two-headed ogre (D:10)
  A centaur zombie (D:10)
  A yak (D:10)
  A porcupine (D:10)
  An orc warrior (D:9)
  A necrophage (D:10)
  An ogre (D:10)
  A crocodile (D:10)
  A killer bee (D:10)
  A howler monkey (D:10)
  2 electric eels (D:9)
  A crimson imp (D:10)
  3 gnolls (D:3)
  3 adders
  A worm (D:2)
  An orc (D:10)
  A jackal (D:2)
  A frilled lizard (D:3)
  A plant (D:10)
24 creatures vanquished.

Vanquished Creatures (others)
  A fungus (D:10)
  4 plants
5 creatures vanquished.

Grand Total: 261 creatures vanquished

Notes
Turn   | Place    | Note
-------+----------+-------------------------------------------
     0 | D:1      | Rrauwl the Halfling Wanderer began the quest for the Orb.
     0 | D:1      | Rrauwl set off with: a +0 leather armour, 3 throwing nets, 2 potions of lignification, a +0 dagger, a bread ration
     0 | D:1      | Reached XP level 1. HP: 15/15 MP: 1/1
   158 | D:1      | Gained mutation: Your natural rate of healing is unusually fast. [potion of mutation]
   179 | D:1      | Reached XP level 2. HP: 14/21 MP: 2/2
   712 | D:1      | Reached XP level 3. HP: 26/26 MP: 3/3
   794 | D:2      | Found a sparkling altar of Nemelex Xobeh.
   799 | D:2      | Became a worshipper of Nemelex Xobeh the Trickster
  1058 | D:2      | Received a gift from Nemelex Xobeh
  1070 | D:2      | Reached skill level 1 in Slings
  1173 | D:2      | Reached skill level 1 in Invocations
  1173 | D:2      | Reached XP level 4. HP: 31/31 MP: 4/4
  1210 | D:2      | Reached skill level 2 in Slings
  1212 | D:2      | Found a deep blue altar of Sif Muna.
  1380 | D:2      | Reached * piety under Nemelex Xobeh
  1671 | D:2      | Reached skill level 3 in Slings
  2086 | D:3      | Reached XP level 5. HP: 36/36 MP: 6/6
  2251 | D:3      | Found a shadowy altar of Dithmenos.
  2251 | D:3      | Received a gift from Nemelex Xobeh
  2475 | D:3      | Reached skill level 4 in Slings
  2847 | D:3      | Reached ** piety under Nemelex Xobeh
  3017 | D:4      | Reached XP level 6. HP: 19/42 MP: 6/8
  3069 | D:4      | Reached skill level 5 in Slings
  3089 | D:4      | Got a bloodstained long sword
  3090 | D:4      | Identified the +10 long sword "Cycruynt" {freeze, Dex+4} (You found it on level 4 of the Dungeon)
  3094 | D:4      | Received a gift from Nemelex Xobeh
  3112 | D:4      | Found a stormy altar of Qazlal.
  3174 | D:4      | Found a shimmering altar of Xom.
  3178 | D:4      | Reached skill level 1 in Long Blades
  3180 | D:4      | Found an ancient bone altar of Kikubaaqudgha.
  3449 | D:4      | Found a snail-covered altar of Cheibriados.
  3576 | D:4      | Learned a level 1 spell: Apportation
  3577 | D:5      | Entered Level 5 of the Dungeon
  3620 | D:5      | Reached skill level 6 in Slings
  3626 | D:5      | Reached XP level 7. HP: 25/46 MP: 9/9
  3696 | D:5      | Found a staircase to the Ecumenical Temple.
  3701 | Temple   | Entered the Ecumenical Temple
  3826 | D:5      | Found a sand-covered staircase.
  3832 | Ossuary  | Entered an ossuary
  3870 | Ossuary  | Reached skill level 7 in Slings
  4227 | D:5      | Found Katolataa's Assorted Antiques.
  4251 | D:5      | Bought a bubbling coppery potion for 22 gold pieces
  4251 | D:5      | Bought a scroll labeled XUMENU WYH ZEU for 25 gold pieces
  4251 | D:5      | Bought a scroll labeled XUMENU WYH ZEU for 25 gold pieces
  4293 | D:5      | Received a gift from Nemelex Xobeh
  4627 | D:5      | Reached XP level 8. HP: 40/54 MP: 7/10
  4982 | D:6      | Reached skill level 8 in Slings
  4985 | D:6      | Reached *** piety under Nemelex Xobeh
  5050 | D:6      | Received a gift from Nemelex Xobeh
  5072 | D:6      | Found Nugerof's Assorted Antiques.
  5153 | D:6      | Found Dotyt's Food Shoppe.
  5163 | D:6      | Received a gift from Nemelex Xobeh
  5397 | D:6      | Reached skill level 9 in Slings
  5404 | D:6      | Reached skill level 5 in Long Blades
  5427 | D:6      | Reached XP level 9. HP: 52/58 MP: 7/11
  5459 | D:6      | Gained mutation: You have a pair of small horns on your head. [mutagenic meat]
  5462 | D:6      | Gained mutation: You can translocate small distances at will. [mutagenic meat]
  5724 | D:6      | Reached skill level 1 in Evocations
  5726 | D:6      | Reached skill level 10 in Slings
  5841 | D:7      | Reached **** piety under Nemelex Xobeh
  5950 | D:7      | Received a gift from Nemelex Xobeh
  6176 | D:7      | Reached skill level 11 in Slings
  6367 | D:7      | Reached XP level 10. HP: 57/63 MP: 10/13
  6508 | D:8      | Found a hide-covered altar of Uskayaw.
  6508 | D:8      | Noticed a dagger
  6508 | D:8      | Noticed a hand axe
  6614 | D:8      | Found a radiant altar of Vehumet.
  6669 | D:8      | Received a gift from Nemelex Xobeh
  6891 | D:8      | Reached ***** piety under Nemelex Xobeh
  6891 | D:8      | Received a gift from Nemelex Xobeh
  6926 | D:8      | Reached skill level 5 in Invocations
  7116 | D:8      | Noticed Maurice
  7133 | D:8      | Killed Maurice
  7133 | D:8      | Reached skill level 12 in Slings
  7386 | D:9      | Found a staircase to the Orcish Mines.
  7409 | D:9      | Found a roughly hewn altar of Beogh.
  7418 | D:9      | Reached skill level 5 in Dodging
  7676 | D:9      | Received a gift from Nemelex Xobeh
  7833 | D:9      | Lost mutation: You can translocate small distances at will. [mutagenic meat]
  8235 | D:9      | Reached skill level 1 in Armour
  8460 | D:10     | Entered Level 10 of the Dungeon
  8460 | D:10     | Received a gift from Nemelex Xobeh
  8513 | D:10     | Reached XP level 11. HP: 69/69 MP: 14/14
  8558 | D:10     | Noticed a two-headed ogre
  8564 | D:10     | Killed a two-headed ogre
  8573 | D:10     | Found a staircase to the Lair.
  8593 | D:10     | Reached skill level 5 in Armour
  8640 | D:10     | Found a deep blue altar of Sif Muna.
  8754 | D:10     | Received a gift from Nemelex Xobeh
  8873 | D:10     | Noticed an ice dragon
  8880 | D:10     | Reached skill level 10 in Long Blades
  8898 | D:10     | Killed from afar by an ice dragon

Skill      XL: |  1  2  3  4  5  6  7  8  9 10 11 |
---------------+----------------------------------+-----
Fighting       | 3 4 |  4.0
Short Blades   | 3 |  3.0
Dodging        | 3 6 |  6.0
Slings         | 1 3 4 6 7 9 11 12 | 12.9
Invocations    | 1 3 4 5 |  5.0
Long Blades    | 2 3 5 7 8 10 | 10.0
Evocations     | 3 |  3.0
Armour         | 2 5 |  5.1
Polearms       | |  1.0
Throwing       | |  2.0

Action                   |  1- 3 |  4- 6 |  7- 9 | 10-12 || total
-------------------------+-------+-------+-------+-------++-------
Melee: Dagger            |    32 |       |       |       ||    32
       Flail             |    18 |       |       |       ||    18
       Whip              |       |    67 |       |       ||    67
       Long sword        |       |    33 |   189 |   179 ||   401
       Headbutt          |       |       |    11 |    39 ||    50
 Fire: Hunting sling     |   100 |   165 |    39 |    61 ||   365
Evoke: Deck              |     1 |     2 |       |     9 ||    12
  Use: Potion            |     4 |     2 |     6 |     4 ||    16
       Scroll            |       |     7 |     8 |     3 ||    18
 Stab: Sleeping          |       |       |     3 |       ||     3
       Distracted        |       |       |       |     1 ||     1
  Eat: Chunk             |     1 |     7 |     9 |    10 ||    27
       Meat ration       |       |       |     1 |       ||     1
       Royal jelly       |       |       |     1 |       ||     1
       Fruit             |       |       |       |     2 ||     2
Armor: Skin              |    12 |       |     9 |     8 ||    29
       Leather armour    |    11 |    37 |    23 |    12 ||    83
Dodge: Dodged            |    35 |   148 |   124 |   123 ||   430
       Rpst.: Long sword |       |     9 |    36 |    31 ||    76
